 Dungeon Crawl Stone Soup version 0.21.0-3-g78d12a8 (webtiles) character file.

7 HungrySpirit the Vexing (level 2, -1/14 HPs)
             Began as a Vine Stalker Arcane Marksman on Jan 8, 2018.
             Slain by a jackal (2 damage)
             ... on level 1 of the Dungeon.
             The game lasted 00:00:42 (359 turns).

HungrySpirit the Vexing (VSAM)                       Turns: 359, Time: 00:00:43

Health: -1/14      AC:  2    Str: 12    XL:     2   Next: 4%
Magic:  0/4        EV: 12    Int: 13    God:
Gold:   0          SH:  0    Dex: 14    Spells: 2/3 levels left

rFire    . . .     SeeInvis .   g - +0 club
rCold    . . .     Gourm    .   (no shield)
rNeg     . . .     Faith    .   a - +0 robe
rPois    .         Spirit   +   (no helmet)
rElec    .         Reflect  .   (no cloak)
rCorr    .         Harm     .   (no gloves)
MR       .....                  (no boots)
Stlth    +.........             (no amulet)
HPRegen  0.04/turn              (no ring)
MPRegen  0.09/turn              (no ring)

@: no status effects
A: fangs 2, magic shield, antimagic bite, no potion heal 3, rot immunity
a: no special abilities


You were on level 1 of the Dungeon.
You were not hungry.

You visited 1 branch of the dungeon, and saw 1 of its levels.

Inventory:

Hand Weapons
 g - a +0 club (weapon)
Armour
 a - a +0 robe (worn)
Jewellery
 e - a +2 amulet of reflection {unknown}
Scrolls
 h - a scroll of identify {unknown}
 j - a scroll of noise {unknown}
Books
 b - a book of Debilitation

   Spells                             Type                      Level
   a - Corona                         Hexes                        1
   b - Slow                           Hexes                        2
   c - Inner Flame                    Hexes/Fire                   3
   d - Portal Projectile              Hexes/Translocation          3
   e - Cause Fear                     Hexes                        4
   f - Leda's Liquefaction            Hexes/Earth                  4
Comestibles
 f - a ration


   Skills:
 * Level 1.5 Fighting
 - Level 1.7 Throwing
 + Level 1.8 Dodging
 - Level 1.1 Spellcasting
 - Level 3.0 Hexes


You had 2 spell levels left.
You knew the following spells:

 Your Spells              Type           Power        Failure   Level  Hunger
a - Corona                Hex            #......      9%          1    ##.....


Dungeon Overview and Level Annotations

Branches:
Dungeon (1/15)

Altars:


Innate Abilities, Weirdness & Mutations

You have extremely sharp teeth.
When hurt, damage is shared between your health and your magic reserves.
Your bite disrupts and absorbs the magic of your enemies.
Potions cannot restore your health.
You are immune to rotting.


Message History

The jackal struggles against the net.
The jackal closely misses you.
Throwing (i - inventory):
d - a throwing net (quivered)
Press: ? - help, Shift-Dir - straight line, f/p - jackal
Aim: a jackal You throw a throwing net.
The throwing net hits the jackal.
The jackal is caught in the net!
The jackal struggles against the net. x2
The jackal struggles against the net. x3
The net rips apart, and the jackal comes free!
You see here a rat corpse.
You closely miss the jackal. You bite the jackal. You drain its power.
You feel invigorated.
The jackal is heavily wounded.
The jackal bites you but does no damage.
The jackal bites you.
You hit the jackal but do no damage.
The jackal is heavily wounded.
The jackal bites you.
* * * LOW HITPOINT WARNING * * *
The jackal bites you.
You die...

#...# ######...#####
#$.((h.......# #.####...###.#
#.# #...# #.# #h# #.#.# #.# #h#
#...###.### #@# #.......รท.#
#.# #..####.#.#
#.####..####.#.#
################............#.#
...............######..######.#
##############.# #..# #.# #
#.######..# #.# #####
#.........# #.# #######...#
########.## #.#


You could see 2 jackals.

Vanquished Creatures
  A leopard gecko (D:1)
  2 hobgoblins (D:1)
  A jackal (D:1)
  A goblin (D:1)
  A rat (D:1)
6 creatures vanquished.

Notes
Turn   | Place    | Note
-------+----------+-------------------------------------------
     0 | D:1      | HungrySpirit the Vine Stalker Arcane Marksman began the quest for the Orb.
     0 | D:1      | Reached XP level 1. HP: 9/9 MP: 3/3
     6 | D:1      | Noticed a seven-headed hydra
     6 | D:1      | Noticed a black bear
     6 | D:1      | Noticed a swamp worm
     6 | D:1      | Noticed a black mamba
     6 | D:1      | Noticed a worker ant
    21 | D:1      | Reached skill level 1 in Fighting
   349 | D:1      | Reached XP level 2. HP: 3/14 MP: 1/4
   359 | D:1      | Slain by a jackal

Skill      XL: |  1 |
---------------+----+-----
Fighting       | 1 |  1.5
Throwing       | |  1.7
Dodging        | |  1.8
Spellcasting   | |  1.1
Hexes          | |  3.0

Action                   || total
-------------------------++-------
Melee: Club              ||    14
       Bite              ||     3
Throw: Javelin           ||    10
       Throwing net      ||     2
Armor: Robe              ||     3
Dodge: Dodged            ||    12
